 Dungeon Crawl Stone Soup version 0.23.2-1-ga50397a6bc (webtiles) character file.

Game seed: 14507338567769213568

427 KamiKatze the Chopper (level 6, 0/40 HPs)
             Began as a Gargoyle Berserker on May 30, 2019.
             Was a Believer of Trog.
             Slain by an orc
             ... wielding a +3 flail
              (5 damage)
             ... on level 4 of the Dungeon.
             The game lasted 00:10:22 (2817 turns).

KamiKatze the Chopper (Gargoyle Berserker)          Turns: 2817, Time: 00:10:23

Health: 0/40       AC:  9    Str: 21    XL:     6   Next: 97%
Magic:  6/6        EV: 11    Int:  8    God:    Trog [**....]
Gold:   252        SH:  0    Dex: 10    Spells: 5/5 levels left

rFire    . . .     SeeInvis .   a - +0 hand axe
rCold    . . .     Gourm    .   (no shield)
rNeg     + . .     Faith    .   e - +0 ring mail
rPois    ∞         Spirit   .   (no helmet)
rElec    +         Reflect  .   (no cloak)
rCorr    .         Harm     .   (no gloves)
MR       .....                  (no boots)
Stlth    ..........             (no amulet)
HPRegen  0.13/turn              (no ring)
MPRegen  0.10/turn              (no ring)

@: berserk cooldown, slowed, very slow
A: negative energy resistance 1, electricity resistance, unbreathing,
petrification resistance, rot immunity, AC +4
a: Berserk, Trog's Hand, Renounce Religion


You were on level 4 of the Dungeon.
You worshipped Trog.
Trog was pleased with you.
You were not hungry.

You visited 1 branch of the dungeon, and saw 4 of its levels.

You collected 252 gold pieces.

Inventory:

Hand Weapons
 a - a +0 hand axe (weapon)
 b - a +0 hunting sling
Missiles
 g - 64 stones (quivered)
 s - 24 sling bullets
Armour
 e - a +0 ring mail (worn)
 l - a +0 scale mail
 r - a +0 plate armour
Wands
 A - a wand of disintegration (8)
Scrolls
 d - 3 scrolls of identify {unknown}
 h - 3 scrolls of remove curse
 i - 10 scrolls of teleportation
 j - 2 scrolls of enchant weapon {unknown}
 k - a scroll of blinking {unknown}
 q - a scroll of magic mapping {unknown}
 w - 4 scrolls of fog {unknown}
 y - a scroll of random uselessness {unknown}
 z - a scroll of immolation {unknown}
Potions
 m - a potion of curing {unknown}
 n - 2 potions of flight {unknown}
 p - a potion of resistance {unknown}
 t - a potion of magic {unknown}
 u - a potion of agility {unknown}
 v - 2 potions of heal wounds {unknown}
 x - a potion of ambrosia {unknown}
 B - a potion of invisibility {unknown}
 C - a potion of degeneration {unknown}
Comestibles
 c - 6 rations
 f - 5 chunks of flesh


   Skills:
 + Level 5.4 Fighting
 * Level 5.8 Axes
 - Level 2.1 Armour
 - Level 1.5 Dodging


You had 5 spell levels left.
You didn't know any spells.
Your spell library was empty.

Dungeon Overview and Level Annotations

Branches:
Dungeon (4/15)
 Temple: D:4-7

Altars:

Annotations:
D:4 3 runed translucent doors


Innate Abilities, Weirdness & Mutations

You are resistant to torment.
Your stone body is resilient. (AC +4)
You are immune to poison.
You resist negative energy. (rN+)
You are resistant to electric shocks. (rElec)
You can survive without breathing.
You are immune to petrification.
You are immune to rotting.


Message History

The centaur skeleton hits you but does no damage. x2
You hit the centaur skeleton.
The centaur skeleton is heavily damaged.
The centaur skeleton hits you.
The centaur skeleton closely misses you.
You hit the centaur skeleton.
The centaur skeleton is severely damaged.
The centaur skeleton hits you but does no damage. x2
You slash the centaur skeleton!
The centaur skeleton is almost destroyed.
The centaur skeleton hits you. x2
* * * LOW HITPOINT WARNING * * *
You hit the centaur skeleton.
You destroy the centaur skeleton!
Trog accepts your kill.
You closely miss the orc. The orc hits you with a +3 flail!
* * * LOW HITPOINT WARNING * * *
Your ring mail prevents you from hitting the orc.
The orc hits you with a +3 flail.
You die...

..
#....##..........#.........
#.....#.........##..##..#..
#.....##ZY.....##...#...##.
#......###+++###....#.### #
#.#.................#
...##..##.......###......
....###.##.####..# ...#...
.......(# ...#....#.[#
..##....
#.......##.:.#..@o..## $..
... #..J. ....#.###........
.# ..... #....... .......
..... .................
#.l###..##....... .).
#.(#...####...... ..
$##.s.....# #.....#. .
...<.#............##.
....##......#


You could see an orc.

Vanquished Creatures
  A centaur (D:4)
  A hound (D:4)
  An orc priest (D:4)
  A centaur skeleton (D:4)
  An iguana (D:4)
  An orc wizard (D:3)
  A worker ant (D:3)
  3 gnolls (D:2)
  2 adders
  A shadow imp (D:3)
  3 oozes
  3 worms
  5 dart slugs
  3 leopard geckos
  5 orcs (D:3)
  A ball python (D:3)
  10 bats
  13 giant cockroaches
  7 goblins
  9 hobgoblins
  6 jackals
  6 kobolds
  A quokka (D:2)
  3 frilled lizards
  3 rats
91 creatures vanquished.

Notes
Turn   | Place    | Note
-------+----------+-------------------------------------------
     0 | D:1      | KamiKatze the Gargoyle Berserker began the quest for the
                  | Orb.
     0 | D:1      | Reached XP level 1. HP: 14/14 MP: 1/1
   223 | D:1      | Reached XP level 2. HP: 19/19 MP: 2/2
   504 | D:1      | Reached XP level 3. HP: 23/24 MP: 3/3
  1035 | D:2      | Reached ** piety under Trog
  1152 | D:2      | Reached XP level 4. HP: 24/29 MP: 4/4
  1705 | D:2      | Reached XP level 5. HP: 33/34 MP: 5/5
  2465 | D:4      | Noticed a centaur
  2490 | D:3      | Reached skill level 5 in Axes
  2578 | D:4      | Reached skill level 5 in Fighting
  2578 | D:4      | Reached XP level 6. HP: 8/40 MP: 6/6
  2725 | D:4      | Noticed an ice beast
  2736 | D:4      | Found a runed translucent gate.
  2736 | D:4      | Found a runed translucent gate.
  2736 | D:4      | Found a runed translucent gate.
  2817 | D:4      | Slain by an orc

Skill      XL: |  1  2  3  4  5 |
---------------+----------------+-----
Axes           | 3 4 5 |  5.8
Fighting       | 4 5 |  5.4
Armour         | |  2.1
Dodging        | |  1.5

Action                   |  1- 3 |  4- 6 || total
-------------------------+-------+-------++-------
Melee: Hand axe          |   108 |   165 ||   273
Throw: Stone             |     2 |       ||     2
Invok: Berserk           |       |     4 ||     4
       Trog's Hand       |       |     3 ||     3
  Use: Scroll            |       |     2 ||     2
  Eat: Chunk             |     1 |    10 ||    11
Armor: Ring mail         |    39 |   108 ||   147
Dodge: Dodged            |    64 |   125 ||   189
